[ AOE2 MATCH · #505233759 ]
UnrankedEthiopians vs Britons
Player's team · WIN
Rival team · LOSS
[ REPLAY ANALYSIS · EXTRACTED FROM THE RECORDED GAME ]
Feudal
9:25
Castle
—
Imperial
—
| APM avg | 74.0 |
| APM peak | 97 |
| eAPM avg | 30.0 |
| Villagers / military | 56 / 21 |
Focus
⚔️ 33.4% · 🌾 66.6%
Skirmisher ×21
Feudal
10:11
Castle
—
Imperial
—
| APM avg | 72.8 |
| APM peak | 122 |
| eAPM avg | 39.8 |
| Villagers / military | 57 / 21 |
Focus
⚔️ 35.2% · 🌾 64.8%
Archer ×19 · Spearman ×2
Match map
Initial resources + every placement click. Lines = walls · curves = elevation contours. ◆ gold · ⬟ stone · ● berries · ✦ relic · ◌ wall gap
Your base· Open — unwalled flank
Hackali's base· Open — unwalled flank
Smoothed initial terrain · ◌ = detected wall gap · hover for details
Inputs per minute
— BSL | DOOMSTER - - Hackali
Build order — BSL | DOOMSTER
139 actions detected in the replay
| 0:00 | Create | Villager (Male) |
| 0:01 | Create | Villager (Male) |
| 0:01 | Create | Villager (Male) |
| 0:01 | Create | Villager (Male) |
| 0:02 | Create | Villager (Male) |
| 0:02 | Build | House |
| 0:04 | Build | House |
| 1:21 | Create | Villager (Male) |
| 1:41 | Create | Villager (Male) |
| 1:58 | Build | Lumber Camp |
| 2:22 | Create | Villager (Male) |
| 2:35 | Create | Villager (Male) |
| 2:57 | Create | Villager (Male) |
| 3:22 | Create | Villager (Male) |
| 3:23 | Create | Villager (Male) |
| 3:24 | Build | House |
| 3:25 | Build | House |
| 3:48 | Create | Villager (Male) |
| 4:25 | Create | Villager (Male) |
| 4:52 | Create | Villager (Male) |
| 4:53 | Build | Mill |
| 5:09 | Create | Villager (Male) |
| 5:38 | Create | Villager (Male) |
| 6:04 | Research | Loom |
| 6:08 | Create | Villager (Male) |
| 6:09 | Research | Loom |
| 7:15 | Research | Feudal Age |
| 7:18 | Build | Mill |
| 8:41 | Build | Barracks |
| 9:25 | Age | Feudal Age |
| 9:27 | Create | Villager (Male) |
| 9:30 | Build | Archery Range |
| 9:36 | Create | Villager (Male) |
| 9:40 | Research | Double-Bit Axe |
| 9:46 | Build | House |
| 9:51 | Build | House |
| 9:51 | Build | House |
| 9:59 | Build | Watch Tower |
| 10:05 | Create | Skirmisher |
| 10:12 | Create | Villager (Male) |
| 10:12 | Create | Villager (Male) |
| 10:24 | Create | Skirmisher |
| 10:30 | Create | Skirmisher |
| 10:43 | Create | Villager (Male) |
| 11:06 | Create | Villager (Male) |
| 11:08 | Build | Blacksmith |
| 11:16 | Create | Villager (Male) |
| 11:16 | Create | Villager (Male) |
| 11:25 | Build | House |
| 11:26 | Build | House |
| 11:27 | Build | Palisade Wall |
| 11:28 | Create | Skirmisher |
| 11:41 | Create | Skirmisher |
| 11:59 | Research | Fletching |
| 11:59 | Research | Fletching |
| 12:22 | Create | Skirmisher |
| 12:26 | Create | Villager (Male) |
| 12:39 | Create | Skirmisher |
| 12:39 | Create | Skirmisher |
| 12:51 | Create | Villager (Male) |
| 12:51 | Create | Villager (Male) |
| 12:52 | Build | Farm |
| 12:56 | Create | Villager (Male) |
| 12:56 | Create | Villager (Male) |
| 13:09 | Build | Mining Camp |
| 13:19 | Create | Skirmisher |
| 13:27 | Build | Outpost |
| 13:36 | Create | Villager (Male) |
| 13:37 | Create | Villager (Male) |
| 13:47 | Create | Skirmisher |
| 13:47 | Create | Skirmisher |
| 13:47 | Create | Skirmisher |
| 14:07 | Create | Villager (Male) |
| 14:09 | Create | Villager (Male) |
| 14:09 | Create | Villager (Male) |
| 14:25 | Build | Farm |
| 14:28 | Build | Farm |
| 14:44 | Create | Villager (Male) |
| 14:44 | Create | Villager (Male) |
| 14:45 | Create | Villager (Male) |
| 14:45 | Create | Villager (Male) |
| 15:04 | Create | Skirmisher |
| 15:22 | Create | Villager (Male) |
| 15:24 | Build | House |
| 15:25 | Build | House |
| 15:34 | Build | House |
| 15:36 | Build | Palisade Wall |
| 15:58 | Create | Skirmisher |
| 16:02 | Build | Watch Tower |
| 16:11 | Create | Villager (Male) |
| 16:12 | Build | Farm |
| 16:15 | Build | House |
| 16:21 | Build | Farm |
| 16:26 | Create | Skirmisher |
| 16:28 | Create | Villager (Male) |
| 16:30 | Build | Farm |
| 16:33 | Create | Villager (Male) |
| 16:41 | Create | Skirmisher |
| 16:58 | Create | Skirmisher |
| 17:24 | Build | House |
| 17:26 | Create | Villager (Male) |
| 17:38 | Create | Villager (Male) |
| 17:39 | Build | Farm |
| 17:42 | Build | Farm |
| 17:43 | Create | Villager (Male) |
| 17:45 | Build | Farm |
| 17:48 | Build | Farm |
| 18:09 | Build | Watch Tower |
| 18:11 | Create | Villager (Male) |
| 18:23 | Create | Villager (Male) |
| 18:24 | Build | Farm |
| 18:26 | Build | Farm |
| 19:03 | Create | Villager (Male) |
| 19:34 | Create | Villager (Male) |
| 19:37 | Build | Mining Camp |
| 19:53 | Create | Villager (Male) |
| 19:55 | Build | Lumber Camp |
| 19:59 | Build | Farm |
| 20:03 | Build | Farm |
| 20:03 | Build | Farm |
| 20:46 | Create | Skirmisher |
| 20:47 | Create | Skirmisher |
| 20:47 | Create | Skirmisher |
| 20:53 | Create | Villager (Male) |
| 20:55 | Build | Watch Tower |
| 20:58 | Build | Watch Tower |
| 21:02 | Build | House |
| 21:05 | Build | House |
| 21:27 | Create | Villager (Male) |
| 21:41 | Build | House |
| 21:50 | Create | Villager (Male) |
| 21:52 | Create | Skirmisher |
| 21:55 | Build | House |
| 22:22 | Build | Palisade Wall |
| 22:36 | Create | Villager (Male) |
| 22:42 | Build | House |
| 22:44 | Build | House |
| 22:45 | Build | House |
| 22:53 | Build | House |
Build order — Hackali
First 150 of 158 actions detected
| 0:01 | Build | House |
| 0:03 | Build | House |
| 0:05 | Create | Villager (Male) |
| 0:05 | Create | Villager (Male) |
| 0:07 | Create | Villager (Male) |
| 0:07 | Create | Villager (Male) |
| 1:22 | Create | Villager (Male) |
| 1:22 | Create | Villager (Male) |
| 1:45 | Create | Villager (Male) |
| 1:45 | Create | Villager (Male) |
| 2:09 | Create | Villager (Male) |
| 2:09 | Create | Villager (Male) |
| 2:29 | Create | Villager (Male) |
| 2:29 | Create | Villager (Male) |
| 2:43 | Create | Villager (Male) |
| 2:59 | Create | Villager (Male) |
| 2:59 | Create | Villager (Male) |
| 3:03 | Build | Lumber Camp |
| 3:16 | Create | Villager (Male) |
| 3:16 | Create | Villager (Male) |
| 3:32 | Create | Villager (Male) |
| 3:32 | Create | Villager (Male) |
| 4:06 | Build | House |
| 4:44 | Create | Villager (Male) |
| 4:45 | Create | Villager (Male) |
| 4:57 | Build | Palisade Wall |
| 5:11 | Create | Villager (Male) |
| 5:16 | Build | Mill |
| 5:23 | Build | Palisade Wall |
| 5:24 | Build | Palisade Wall |
| 5:31 | Build | Palisade Wall |
| 5:33 | Build | Palisade Wall |
| 5:47 | Build | Palisade Wall |
| 5:50 | Build | Palisade Wall |
| 5:53 | Build | Palisade Wall |
| 6:14 | Create | Villager (Male) |
| 6:31 | Build | House |
| 6:46 | Create | Villager (Male) |
| 6:47 | Research | Loom |
| 6:54 | Build | Palisade Wall |
| 6:58 | Build | Palisade Wall |
| 7:00 | Build | Palisade Wall |
| 7:02 | Build | Palisade Wall |
| 7:14 | Build | House |
| 7:19 | Build | Palisade Wall |
| 7:22 | Build | Palisade Wall |
| 7:27 | Create | Villager (Male) |
| 7:29 | Build | Palisade Wall |
| 7:43 | Research | Feudal Age |
| 8:13 | Build | Barracks |
| 8:23 | Build | Barracks |
| 8:27 | Build | Barracks |
| 8:31 | Build | Palisade Wall |
| 8:35 | Build | Palisade Wall |
| 8:38 | Create | Villager (Male) |
| 9:15 | Build | Mining Camp |
| 9:31 | Build | Palisade Gate |
| 9:40 | Build | Palisade Wall |
| 9:42 | Build | Palisade Wall |
| 9:42 | Build | Palisade Wall |
| 10:11 | Age | Feudal Age |
| 10:16 | Create | Villager (Male) |
| 10:19 | Build | Archery Range |
| 10:24 | Create | Villager (Male) |
| 10:53 | Build | House |
| 11:09 | Build | House |
| 11:13 | Create | Archer |
| 11:13 | Create | Archer |
| 11:15 | Build | Mill |
| 11:22 | Create | Villager (Male) |
| 11:24 | Build | Palisade Wall |
| 11:30 | Create | Spearman |
| 11:31 | Create | Spearman |
| 11:36 | Build | House |
| 11:43 | Build | House |
| 11:44 | Build | Palisade Wall |
| 11:47 | Build | Palisade Wall |
| 11:48 | Build | Palisade Wall |
| 11:50 | Build | Palisade Wall |
| 11:57 | Build | Palisade Wall |
| 12:00 | Build | Palisade Wall |
| 12:17 | Build | Blacksmith |
| 12:29 | Create | Villager (Male) |
| 12:34 | Create | Villager (Male) |
| 12:39 | Build | Palisade Wall |
| 12:41 | Create | Villager (Male) |
| 12:42 | Build | Farm |
| 12:46 | Create | Archer |
| 12:46 | Create | Archer |
| 12:47 | Create | Villager (Male) |
| 12:48 | Create | Villager (Male) |
| 13:19 | Create | Villager (Male) |
| 13:22 | Build | Farm |
| 13:28 | Build | Farm |
| 13:31 | Create | Villager (Male) |
| 13:36 | Create | Archer |
| 13:37 | Create | Archer |
| 13:46 | Create | Villager (Male) |
| 14:15 | Build | Farm |
| 14:15 | Create | Villager (Male) |
| 14:21 | Create | Archer |
| 14:30 | Build | Blacksmith |
| 14:34 | Build | House |
| 14:44 | Research | Fletching |
| 14:44 | Research | Fletching |
| 14:45 | Create | Villager (Male) |
| 14:47 | Build | Farm |
| 14:49 | Build | Farm |
| 14:49 | Create | Villager (Male) |
| 14:54 | Build | Watch Tower |
| 15:02 | Build | Mining Camp |
| 15:15 | Create | Villager (Male) |
| 15:18 | Build | House |
| 15:43 | Build | Palisade Wall |
| 15:46 | Create | Villager (Male) |
| 15:59 | Create | Archer |
| 16:06 | Create | Archer |
| 16:11 | Create | Villager (Male) |
| 16:11 | Create | Villager (Male) |
| 16:15 | Build | Farm |
| 16:29 | Create | Archer |
| 16:29 | Create | Archer |
| 16:53 | Create | Villager (Male) |
| 16:57 | Build | Watch Tower |
| 17:11 | Create | Villager (Male) |
| 17:14 | Build | Farm |
| 17:15 | Build | Farm |
| 17:15 | Build | Farm |
| 17:18 | Create | Archer |
| 17:19 | Create | Archer |
| 17:47 | Create | Archer |
| 17:47 | Create | Archer |
| 17:57 | Create | Villager (Male) |
| 17:58 | Create | Villager (Male) |
| 18:52 | Build | House |
| 18:55 | Build | House |
| 18:57 | Build | House |
| 19:00 | Build | House |
| 19:03 | Build | House |
| 19:14 | Build | House |
| 19:16 | Build | Palisade Wall |
| 19:18 | Build | House |
| 19:20 | Build | House |
| 19:29 | Build | House |
| 19:38 | Create | Archer |
| 19:38 | Create | Archer |
| 20:33 | Create | Villager (Male) |
| 20:45 | Create | Villager (Male) |
| 20:45 | Create | Villager (Male) |
| 20:48 | Create | Archer |
Match timeline
| 4:57 | Hackali · wall_segment Palisade Wall x7 |
| 5:23 | Hackali · wall_segment Palisade Wall x1 |
| 5:24 | Hackali · wall_segment Palisade Wall x1 |
| 5:31 | Hackali · wall_segment Palisade Wall x1 |
| 5:33 | Hackali · wall_segment Palisade Wall x1 |
| 5:47 | Hackali · wall_segment Palisade Wall x5 |
| 5:50 | Hackali · wall_segment Palisade Wall x2 |
| 5:53 | Hackali · wall_segment Palisade Wall x4 |
| 6:54 | Hackali · wall_segment Palisade Wall x5 |
| 6:58 | Hackali · wall_segment Palisade Wall x1 |
| 7:00 | Hackali · wall_segment Palisade Wall x1 |
| 7:02 | Hackali · wall_segment Palisade Wall x1 |
| 7:19 | Hackali · wall_segment Palisade Wall x1 |
| 7:22 | Hackali · wall_segment Palisade Wall x1 |
| 7:29 | Hackali · wall_segment Palisade Wall x1 |
| 8:13 | Hackali · first_building Barracks |
| 8:31 | Hackali · wall_segment Palisade Wall x4 |
| 8:35 | Hackali · wall_segment Palisade Wall x3 |
| 8:41 | BSL | DOOMSTER · first_building Barracks |
| 9:25 | BSL | DOOMSTER · age_up feudal |
| 9:30 | BSL | DOOMSTER · first_building Archery Range |
| 9:40 | Hackali · wall_segment Palisade Wall x2 |
| 9:42 | Hackali · wall_segment Palisade Wall x2 |
| 9:42 | Hackali · wall_segment Palisade Wall x4 |
| 10:11 | Hackali · age_up feudal |
| 10:19 | Hackali · first_building Archery Range |
| 11:24 | Hackali · wall_segment Palisade Wall x1 |
| 11:27 | BSL | DOOMSTER · wall_segment Palisade Wall x6 |
| 11:44 | Hackali · wall_segment Palisade Wall x1 |
| 11:47 | Hackali · wall_segment Palisade Wall x1 |
| 11:48 | Hackali · wall_segment Palisade Wall x1 |
| 11:50 | Hackali · wall_segment Palisade Wall x1 |
| 11:57 | Hackali · wall_segment Palisade Wall x1 |
| 12:00 | Hackali · wall_segment Palisade Wall x1 |
| 12:39 | Hackali · wall_segment Palisade Wall x9 |
| 15:36 | BSL | DOOMSTER · wall_segment Palisade Wall x12 |
| 15:43 | Hackali · wall_segment Palisade Wall x1 |
| 19:16 | Hackali · wall_segment Palisade Wall x1 |
| 22:22 | BSL | DOOMSTER · wall_segment Palisade Wall x1 |
| 23:10 | Hackali · resign |
[ AI ANALYSIS · 1 CREDIT ]
What really happened in this match?
Wolo.gg analyzes every decision: build order, eco, micro, common mistakes by bracket. Personalized analysis on WhatsApp or Discord in 30 seconds.
Civ guide
Ethiopians
Perfil
Jugador #1835774